 Dungeon Crawl Stone Soup version 0.28-a0-476-g0f06bd746f (webtiles) character file.

Game seed: 1355914437073916376

5579 timneilson the Blocker (level 10, -1/61 HPs)
             Began as a Gargoyle Fighter on Sept 16, 2021.
             Was an Elder of Okawaru.
             Slain by a wyvern (8 damage)
             ... on level 8 of the Dungeon.
             The game lasted 00:15:36 (7491 turns).

timneilson the Blocker (Gargoyle Fighter)           Turns: 7491, Time: 00:15:37

Health: -1/61      AC: 25    Str: 23    XL:     10   Next: 72%
Magic:  13/14      EV: 14    Int:  9    God:    Okawaru [****..]
Gold:   660        SH:  7    Dex:  9    Spells: 9/9 levels left

rFire   . . .      SeeInvis .   x - +4 scimitar (elec)
rCold   . . .      Faith    .   c - +0 buckler
rNeg    + . .      Spirit   .   e - +0 chain mail
rPois   ∞          Reflect  .   h - +1 hat
rElec   +          Harm     .   m - +1 cloak {Will+}
rCorr   +          Rampage  .   (no gloves)
Will    +....                   n - +0 pair of boots
Stlth   ..........              (no amulet)
HPRegen 0.20/turn               i - +4 ring of evasion
MPRegen 0.14/turn               j - ring of resist corrosion

@: heroic, marked
A: sickness immunity, AC +7, negative energy resistance 1, electricity
resistance, torment resistance 1, petrification resistance
a: Renounce Religion, Heroism, Finesse


You were on level 8 of the Dungeon.
You worshipped Okawaru.
Okawaru was greatly pleased with you.
You visited 2 branches of the dungeon, and saw 9 of its levels.
You also visited: Sewer.

You collected 660 gold pieces.

Inventory:

Hand Weapons
 a - a +1 spectral long sword
 u - a +0 scimitar of flaming
 x - a +4 scimitar of electrocution (weapon)
Armour
 b - a +0 plate armour
 c - a +0 buckler (worn)
 e - a +0 chain mail (worn)
 h - a +1 hat (worn)
 m - a +1 cloak of willpower (worn)
 n - a +0 pair of boots (worn)
Jewellery
 i - a +4 ring of evasion (left hand)
 j - a ring of resist corrosion (right hand)
 t - a ring of fire
Wands
 q - a wand of iceblast (10)
 w - a wand of paralysis (11)
Scrolls
 d - a scroll of magic mapping
 g - 2 scrolls of holy word
 o - 4 scrolls of teleportation
 p - 2 scrolls of identify
 s - a scroll of fear
Potions
 f - 2 potions of resistance
 k - 3 potions of flight
 l - a potion of haste


   Skills:
 + Level 6.6(11.6) Fighting
 * Level 7.0(12.0) Long Blades
 * Level 8.7(13.7) Armour
 * Level 8.9(13.9) Shields
 + Level 5.5 Invocations
 + Level 4.5 Evocations


You had 9 spell levels left.
You didn't know any spells.
Your spell library contained the following spells:

 Spells                   Type           Power      Damage    Failure   Level
 Beastly Appendage        Tmut           0%         N/A       88%         1
 Freeze                   Ice            0%         1d3       88%         1
 Conjure Flame            Conj/Fire      0%         6-21      99%         3
 Frozen Ramparts          Ice            0%         1d2       99%         3
 Ignite Poison            Fire/Tmut/Pois 0%         N/A       99%         3
 Portal Projectile        Hex/Tloc       0%         N/A       99%         3
 Stone Arrow              Conj/Erth      0%         3d7       99%         3
 Hailstorm                Conj/Ice       0%         3d3       100%        4
 Passage of Golubria      Tloc           N/A        N/A       100%        4
 Sticky Flame             Conj/Fire      0%         2d3       100%        4
 Blade Hands              Tmut           0%         N/A       100%        5
 Excruciating Wounds      Necr           0%         N/A       100%        5
 Yara's Violent Unravell  Hex/Tmut       0%         3d3       100%        5
 Lehudib's Crystal Spear  Conj/Erth      0%         10d2      100%        8
 Tukima's Dance           Hex            Unusable   N/A       N/A         3
 Animate Armour           Summ/Erth      Unusable   N/A       N/A         4

Dungeon Overview and Level Annotations

Branches:
Dungeon (8/15)             Temple (1/1) D:4           Sewer (visited)
   Lair: D:8-11

Altars:
Ashenzari
Cheibriados
Elyvilon
Fedhas
Gozag
Hepliaklqana
Kikubaaqudgha
Nemelex Xobeh
Okawaru
Qazlal
Ru
Sif Muna
Trog
Uskayaw
Vehumet
Wu Jian
Yredelemnul
Zin
The Shining One


Innate Abilities, Weirdness & Mutations

You are immune to sickness and miasma.
Your stone body is resilient. (AC +7)
You are immune to poison.
You resist negative energy. (rN+)
You are resistant to electric shocks. (rElec)
You are resistant to unholy torment.
You are immune to petrification.


Message History

Harold points at you and mumbles some strange words.
The mark upon you grows brighter.
The wyvern bites you but does no damage.
You closely miss Harold.
Harold is severely wounded.
Harold casts a spell at you. The mark upon you grows brighter.
You block the wyvern's attack.
You closely miss Harold.
Harold is severely wounded.
The wyvern bites you. You block Harold's attack.
You slash Harold!
Harold is almost dead.
You block the wyvern's attack.
You closely miss Harold.
Harold is almost dead.
The wyvern bites you but does no damage.
Harold gestures at you while chanting. The mark upon you grows brighter.
You barely miss Harold.
Harold is almost dead.
The wyvern bites you but does no damage.
Harold barely misses you. You block the wyvern's attack.
You completely miss Harold.
Harold is almost dead.
The wyvern bites you but does no damage.
Harold hits you with a +0 halberd!
* * * LOW HITPOINT WARNING * * *
You slice Harold!!
You kill Harold!
Okawaru is honoured by your kill. The wyvern closely misses you.
Your base Long Blades skill increases to level 7!
You closely miss the wyvern. The wyvern bites you!
* * * LOW HITPOINT WARNING * * *
You closely miss the wyvern.
The wyvern bites you but does no damage.
You hit the wyvern. Lightning courses through the wyvern!!
The wyvern is severely wounded.
The wyvern bites you!
You die...

########## #......$.##
..........## ....≈≈.....##
....≈≈......##
....≈≈)@l....##
....≈≈........#
...≈≈≈≈.......#
..≈♣≈≈♣≈......#
≈≈≈≈≈≈≈≈≈≈≈≈..#
≈≈≈≈≈≈≈≈≈≈≈≈≈..#.##
...≈♣≈≈♣≈......#..#######
.....≈≈≈≈.......#.........
......≈≈.......[#.(###....


You could see a wyvern.

Vanquished Creatures
  Harold (D:8)
  Maggie (D:7)
  2 trolls
  Prince Ribbit (D:5)
  Eustachio (D:5)
  A ynoxinul (D:8)
  A steam dragon (D:4)
  Menkaure (D:4)
  A water moccasin (Sewer)
  2 sky beasts
  2 orc warriors
  A black bear (D:4)
  2 necrophages
  3 ogres
  A hornet zombie (D:8)
  2 centaurs
  A kobold brigand (D:7)
  3 bullfrogs (D:6)
  A gnoll sergeant (D:6)
  2 scorpions
  A wyvern skeleton (D:6)
  A water moccasin skeleton (D:5)
  10 killer bees
  8 wights
  3 orc priests
  2 gnoll shamans
  5 hounds
  A jelly (D:7)
  Crazy Yiuf (D:2)
  5 iguanas
  An orc wizard (D:8)
  A killer bee zombie (D:6)
  A hound skeleton (D:2)
  15 gnolls
  12 adders
  A shadow imp (D:6)
  An adder skeleton (D:4)
  3 worms (D:2)
  7 dart slugs
  10 orcs
  4 endoplasms
  7 giant cockroaches
  3 hobgoblins
  2 quokkas
  7 ball pythons
  7 bats
  2 frilled lizards (D:2)
  7 goblins
  10 kobolds
  3 rats
171 creatures vanquished.

Vanquished Creatures (others)
  11 fungi
  2 toadstools (D:7)
13 creatures vanquished.

Grand Total: 184 creatures vanquished

Notes
Turn   | Place    | Note
-------+----------+-------------------------------------------
     0 | D:1      | timneilson the Gargoyle Fighter began the quest for the
                  | Orb.
     0 | D:1      | Reached XP level 1. HP: 14/14 MP: 1/1
   289 | D:1      | Reached XP level 2. HP: 12/19 MP: 2/2
   524 | D:1      | Found a faded altar of an unknown god.
   982 | D:2      | Reached XP level 3. HP: 19/23 MP: 3/3
  1330 | D:2      | Reached skill level 1 in Invocations
  1330 | D:2      | Reached XP level 4. HP: 25/28 MP: 4/4
  1371 | D:2      | Found a runed translucent door.
  1372 | D:2      | Noticed Crazy Yiuf
  1379 | D:2      | Killed Crazy Yiuf
  1380 | D:2      | Reached skill level 1 in Evocations
  1513 | D:2      | Reached XP level 5. HP: 28/33 MP: 4/6
  2352 | D:4      | Noticed a necrophage
  2369 | D:4      | Killed a necrophage
  2370 | D:4      | Reached XP level 6. HP: 38/38 MP: 7/7
  2834 | D:4      | Noticed a black bear
  2842 | D:4      | Killed a black bear
  2968 | D:4      | Reached XP level 7. HP: 24/43 MP: 8/8
  3156 | D:4      | Reached skill level 5 in Shields
  3279 | D:4      | Noticed a steam dragon
  3288 | D:4      | Killed a steam dragon
  3289 | D:4      | Reached skill level 5 in Armour
  3496 | D:4      | Noticed Menkaure
  3507 | D:4      | Killed Menkaure
  3515 | D:4      | Found a staircase to the Ecumenical Temple.
  3522 | Temple   | Entered the Ecumenical Temple
  3540 | Temple   | Became a worshipper of Warmaster Okawaru
  3743 | D:5      | Entered Level 5 of the Dungeon
  3775 | D:5      | Reached XP level 8. HP: 37/48 MP: 10/10
  3847 | D:5      | Found a glowing drain.
  3871 | Sewer    | Entered a sewer
  4015 | D:5      | Noticed Eustachio
  4019 | D:5      | Killed Eustachio
  4019 | D:5      | Reached * piety under Okawaru
  4168 | D:5      | Noticed Prince Ribbit
  4175 | D:5      | Killed Prince Ribbit
  4176 | D:5      | Reached skill level 5 in Fighting
  4928 | D:6      | Reached skill level 5 in Long Blades
  4928 | D:6      | Reached XP level 9. HP: 54/54 MP: 11/11
  4974 | D:6      | Reached ** piety under Okawaru
  5749 | D:6      | Noticed a troll
  5758 | D:6      | Killed a troll
  5909 | D:6      | Reached *** piety under Okawaru
  6243 | D:7      | Reached XP level 10. HP: 48/60 MP: 13/13
  6307 | D:7      | Noticed Maggie
  6317 | D:7      | Reached skill level 5 in Invocations
  6320 | D:7      | Killed Maggie
  6916 | D:8      | Found a basalt altar of Yredelemnul.
  6958 | D:8      | Found a shimmering blue altar of Sif Muna.
  6969 | D:8      | Got Sif Muna's Almanac of Transmigration
  6974 | D:8      | Found a bloodstained altar of Trog.
  7104 | D:8      | Reached **** piety under Okawaru
  7460 | D:8      | Noticed Harold
  7488 | D:8      | Killed Harold
  7491 | D:8      | Slain by a wyvern

Illustrated notes

Levels and vault maps discovered:
D:1:      elethiomel_arrival_infinity_welcomes_careful_drivers, layout_basic,
          chequers_ecumenical_altar_island, minmay_surrounded
D:2:      layout_rooms, uniq_crazy_yiuf_cottage
D:3:      kennysheep_six_static_rooms, layout_basic, serial_corexii_hall,
          corexii_hall_statues_i, corexii_hall_statues_i
D:4:      layout_gridville, minmay_temple_entry_nine_rooms, uniq_menkaure
D:5:      layout_basic, gup_sewer_entry_glass, corexii_hall_statues_u,
          uniq_prince_ribbit1, uniq_eustachio
D:6:      layout_rooms, minmay_misc_feat_tower
D:7:      layout_basic, serial_glass, glass_columns_a, glass_columns_c,
          minmay_gold_behind_fungi, kennysheep_generic_room_3, uniq_maggie
D:8:      layout_rooms, nzn_overflow_gifts_of_might_and_magic,
          gammafunk_temple_overflow_elements, mainiacjoe_overflow_brackets,
          kennysheep_cross_room, corexii_checkpoint_a, uniq_harold
Temple:   eino_temple_rhombus

Skill      XL: |  1  2  3  4  5  6  7  8  9 10 |
---------------+-------------------------------+-----
Long Blades    | 2 3 4 5 6 7 |  7.0
Invocations    | 1 2 3 4 5 |  5.5
Armour         | 4 5 6 7 8 |  8.7
Shields        | 4 5 6 7 8 |  8.9
Evocations     | 1 2 3 4 |  4.5
Fighting       | 4 5 6 |  6.6

Action                   |  1- 3 |  4- 6 |  7- 9 | 10-12 || total
-------------------------+-------+-------+-------+-------++-------
Melee: Long sword        |    69 |   146 |   227 |    64 ||   506
       Scimitar          |       |       |       |    55 ||    55
Invok: Heroism           |       |       |       |     2 ||     2
  Use: Scroll            |     1 |     4 |     9 |     3 ||    17
       Potion            |     1 |     1 |     2 |     1 ||     5
Armor: Scale mail        |    29 |    53 |   106 |       ||   188
       Chain mail        |       |       |    29 |    73 ||   102
Dodge: Dodged            |    41 |    82 |   219 |    89 ||   431
Block: Buckler           |    11 |    34 |    76 |    39 ||   160

Table legend: (Time is in decaauts)
 A = Elapsed time spent in this place.
 B = Non-inter-level travel time spent in this place.
 C = Inter-level travel time spent in this place.
 D = Time resting spent in this place.
 E = Time spent auto-exploring this place.
 F = Levels seen in this place.
 G = Mean time per level.
                   A        B        C        D        E       F      G
               +--------+--------+--------+--------+--------+-----+--------+
         Total |   7599 |   7292 |    307 |    598 |   4764 |  10 |  759.9 |
       Dungeon |   7316 |   7026 |    290 |    598 |   4584 |   8 |  914.5 |
        Temple |    171 |    154 |     17 |      0 |    137 |   1 |  171.0 |
         Sewer |    110 |    110 |      0 |      0 |     43 |   1 |  110.0 |
               +--------+--------+--------+--------+--------+-----+--------+

Top non-repeatable levels by time:
     D:5: 1410 daAuts
     D:4: 1081 daAuts
     D:1: 972 daAuts
     D:6: 912 daAuts
     D:3: 902 daAuts
     D:7: 771 daAuts
     D:2: 686 daAuts
     D:8: 580 daAuts
  Temple: 171 daAuts
   Sewer: 110 daAuts
